 Dungeon Crawl Stone Soup version 0.29-a0-823-gc37b1572da (webtiles) character file.

Game seed: 11621784462794627623

56 ytrimaz the Shield-Bearer (level 3, -2/29 HPs)
             Began as a Demonspawn Fighter on July 9, 2022.
             Slain by a worm (4 damage)
             ... on level 2 of the Dungeon.
             The game lasted 00:02:42 (1183 turns).

ytrimaz the Shield-Bearer (Demonspawn Fighter)      Turns: 1183, Time: 00:02:43

Health: -2/29      AC:  6    Str: 18    XL:     3   Next: 69%
Magic:  3/3        EV:  9    Int:  9    God:
Gold:   71         SH:  4    Dex: 12    Spells: 2/2 levels left

rFire   . . .      SeeInvis .   a - +0 war axe
rCold   . . .      Faith    .   c - +0 buckler
rNeg    . . .      Spirit   .   b - +0 scale mail
rPois   .          Reflect  .   (no helmet)
rElec   .          Harm     .   (no cloak)
rCorr   .          Rampage  .   (no gloves)
Will    .....                   (no boots)
Stlth   ..........              (no amulet)
HPRegen 0.09/turn               (no ring)
MPRegen 0.08/turn               (no ring)

@: no status effects
A: powered by death 1
a: no special abilities


You were on level 2 of the Dungeon.
You visited 1 branch of the dungeon, and saw 2 of its levels.

You collected 71 gold pieces.

Inventory:

Hand Weapons
 a - a +0 war axe (weapon)
Armour
 b - a +0 scale mail (worn)
 c - a +0 buckler (worn)
Scrolls
 j - a scroll of vulnerability
 k - a scroll of immolation
Potions
 d - a potion of might
 e - a potion of flight
 h - 4 potions of curing {unknown}
 i - 3 potions of mutation {unknown}


   Skills:
 - Level 3.0 Fighting
 + Level 3.1 Axes
 - Level 2.6 Armour
 + Level 3.4 Shields


You had 2 spell levels left.
You didn't know any spells.
Your spell library contained the following spells:

 Spells                   Type           Power      Damage    Failure   Level
 Apportation              Tloc           0%         N/A       86%         1
 Alistair's Intoxication  Tmut/Pois      0%         N/A       100%        5


Dungeon Overview and Level Annotations

Branches:
Dungeon (2/15)

Altars:


Innate Abilities, Weirdness & Mutations

You regenerate a little health from kills.


Message History

You hit the goblin.
The goblin is severely wounded.
The goblin barely misses you.
There are monsters nearby!
You barely miss the goblin.
The goblin is severely wounded.
You block the goblin's attack. The goblin hits you with a +0 club.
You barely miss the goblin.
The goblin is severely wounded.
You block the goblin's attack.
You slash the goblin!
You kill the goblin!
Things that are here:
a +0 club; 2 fizzy green potions; a goblin corpse You hit the worm.
The worm is lightly wounded.
The worm bites you.
You hit the worm.
The worm is moderately wounded.
You hit the worm.
The worm is heavily wounded.
The worm bites you!
You barely miss the worm.
The worm is moderately wounded.
The worm bites you.
* * * LOW HITPOINT WARNING * * *
You are too injured to fight recklessly!
You hit the worm.
The worm is heavily wounded.
The worm bites you.
* * * LOW HITPOINT WARNING * * *
You are too injured to fight recklessly!
You hit the worm.
The worm is heavily wounded.
You block the worm's attack.
You are too injured to fight recklessly!
You hit the worm.
The worm is heavily wounded.
The worm bites you.
You die...

.)......^...
................ #..#
................ #...#
................ #..#.#
................##....####
.......>..................
..........................
..............>.w.........
............<...@.........
..........................
...[....†##.#.#...........
............#.##..........
...#..........##..........
......##.........†........
......##.#####...?#.......
.(..............$...#####.
..##......########..#


You could see a worm.

Vanquished Creatures
  A worm (D:1)
  A dart slug (D:1)
  3 ball pythons
  3 bats
  9 endoplasms
  A giant cockroach (D:1)
  3 hobgoblins
  3 jackals (D:1)
  3 kobolds
  4 quokkas
  2 frilled lizards
  7 goblins
  4 rats (D:1)
44 creatures vanquished.

Vanquished Creatures (others)
  A fungus (D:1)
1 creature vanquished.

Grand Total: 45 creatures vanquished

Notes
Turn   | Place    | Note
-------+----------+-------------------------------------------
     0 | D:1      | ytrimaz the Demonspawn Fighter began the quest for the Orb.
     0 | D:1      | Reached XP level 1. HP: 18/18 MP: 1/1
     1 | D:1      | Found a runed translucent door.
    44 | D:1      | Gained mutation: You regenerate a little health from kills.
                  | [demonic ancestry]
    44 | D:1      | Reached XP level 2. HP: 17/24 MP: 2/2
   172 | D:1      | Reached XP level 3. HP: 27/29 MP: 3/3
   623 | D:1      | Found a faded altar of an unknown god.
  1181 | D:2      | HP: 1/29 [worm (6)]
  1183 | D:2      | Slain by a worm

Illustrated notes

Levels and vault maps discovered:
D:1:      dpeg_arrival_caged_fury, layout_basic,
          shapermc_ecumenical_altar_mp_urbaneastern, roderic_roman_lattice
D:2:      layout_rooms

Skill      XL: |  1  2  3 |
---------------+----------+-----
Axes           | 2 3 |  3.1
Shields        | 3 |  3.4
Fighting       | |  3.0
Armour         | |  2.6

Action                   || total
-------------------------++-------
Melee: War axe           ||   138
  Use: Scroll            ||     4
Armor: Scale mail        ||    50
Dodge: Dodged            ||    61
Block: Buckler           ||    33

Table legend: (Time is in decaauts)
 A = Elapsed time spent in this place.
 B = Non-inter-level travel time spent in this place.
 C = Inter-level travel time spent in this place.
 D = Time resting spent in this place.
 E = Time spent auto-exploring this place.
 F = Levels seen in this place.
 G = Mean time per level.
                   A        B        C        D        E       F      G
               +--------+--------+--------+--------+--------+-----+--------+
         Total |   1238 |   1198 |     40 |     25 |    817 |   2 |  619.0 |
       Dungeon |   1238 |   1198 |     40 |     25 |    817 |   2 |  619.0 |
               +--------+--------+--------+--------+--------+-----+--------+

Top non-repeatable levels by time:
     D:1: 899 daAuts
     D:2: 339 daAuts
